[Event "FIDE WYCC Open U18 2023"]
[Site "Montesilvano"]
[Date "2023.11.14"]
[Round "2.22"]
[White "Baranciuc, Alexandr"]
[Black "Unneland, Mathias"]
[Result "1-0"]
[ECO "B06"]
[WhiteElo "2338"]
[BlackElo "2197"]
[Annotator "ChessBase"]
[PlyCount "109"]
[EventDate "2023.11.13"]
[EventType "swiss"]
[EventCountry "ITA"]
[SourceTitle "playchess.com"]
[Source "ChessBase"]
[SourceQuality "1"]
[TimeControl "40/5400+30:1800+30"]

1. d4 g6 2. e4 Bg7 3. Nc3 d5 4. exd5 Nf6 5. Bb5+ Nbd7 6. Nge2 O-O 7. Bxd7 Qxd7 8. Nf4 b6 9. O-O Bb7 10. Qf3 Rfd8 11. Be3 Nxd5 12. Nfxd5 Bxd5 13. Nxd5 Qxd5 14. Qxd5 Rxd5 15. c3 c6 16. f4 e6 17. g4 Rad8 18. Kf2 Bf8 19. Ke2 Be7 20. Rad1 Kg7 21. h3 Bf6 22. Rg1 Kf8 23. Rdf1 Ke7 24. Kf3 Kd7 25. Ke4 Re8 26. Rd1 Kc7 27. Rd2 Rh8 28. b4 Rhd8 29. Rgd1 Be7 30. a3 Re8 31. Rb1 Red8 32. Rdb2 Re8 33. a4 Kb7 34. Rc2 Rh8 35. Rbb2 h5 36. g5 Ra8 37. c4 Rd7 38. b5 Rc8 39. bxc6+ Rxc6 40. a5 Kc8 41. d5 exd5+ 42. cxd5 Rxc2 43. Rxc2+ Rc7 44. Ra2 b5 45. a6 Kd7 46. Ra5 b4 47. Rb5 Bf8 48. Bd4 Bd6 49. Be5 Rc4+ 50. Kd3 Rc1 51. Rb7+ Rc7 52. Kd4 Rxb7 53. axb7 Bxe5+ 54. fxe5 Kc7 55. e6 1-0

[Event "FIDE WYCC Open U18 2023"]
[Site "Montesilvano"]
[Date "2023.11.14"]
[Round "2.23"]
[White "Ochedzan, Tymon"]
[Black "Bacojo, Mark Jay"]
[Result "0-1"]
[ECO "B50"]
[WhiteElo "2190"]
[BlackElo "2335"]
[Annotator "ChessBase"]
[PlyCount "126"]
[EventDate "2023.11.13"]
[EventType "swiss"]
[EventCountry "ITA"]
[SourceTitle "playchess.com"]
[Source "ChessBase"]
[SourceQuality "1"]
[TimeControl "40/5400+30:1800+30"]

1. e4 c5 2. Nf3 d6 3. c3 Nf6 4. Be2 g6 5. O-O Bg7 6. Bb5+ Bd7 7. Bxd7+ Nbxd7 8. Re1 O-O 9. d4 cxd4 10. cxd4 d5 11. e5 Ne4 12. Nbd2 Nxd2 13. Bxd2 Qb6 14. Qa4 Qe6 15. Rac1 Nb6 16. Qb4 a5 17. Qb5 Nc4 18. Bg5 h6 19. Bd2 Ra6 20. Bc3 Rb6 21. Qa4 Nxb2 22. Bxb2 Rxb2 23. Qxa5 Qa6 24. Qxd5 e6 25. Qe4 Qxa2 26. Ra1 Qb3 27. Rab1 Rc8 28. Rxb2 Qxb2 29. d5 exd5 30. Qxd5 Rc1 31. e6 Rxe1+ 32. Nxe1 fxe6 33. Qxe6+ Kh7 34. h4 Qb1 35. Kh2 b5 36. Nf3 b4 37. Nd2 Qb2 38. Qd5 Qe5+ 39. Qxe5 Bxe5+ 40. g3 Bc3 41. Nb3 Kg7 42. Kg2 Kf6 43. Kf3 Ke5 44. Ke3 h5 45. Na5 Bd4+ 46. Kf3 Kd5 47. Ke2 Bb6 48. Nb3 Kc4 49. Nc1 Bc7 50. Ke3 Be5 51. Ke4 Bd4 52. f4 Bf2 53. Nd3 b3 54. Nb2+ Kc3 55. Na4+ Kb4 56. Nb2 Bxg3 57. f5 gxf5+ 58. Kxf5 Bxh4 59. Nd3+ Kc4 60. Nb2+ Kd4 61. Kg6 Bf6 62. Kxh5 Kc3 63. Nd1+ Kd2 0-1

[Event "FIDE WYCC Open U18 2023"]
[Site "Montesilvano"]
[Date "2023.11.14"]
[Round "2.24"]
[White "Czernek, Tymon"]
[Black "Khoder, Akram"]
[Result "0-1"]
[ECO "B33"]
[WhiteElo "2329"]
[BlackElo "2191"]
[Annotator "ChessBase"]
[PlyCount "96"]
[EventDate "2023.11.13"]
[EventType "swiss"]
[EventCountry "ITA"]
[SourceTitle "playchess.com"]
[Source "ChessBase"]
[SourceQuality "1"]
[TimeControl "40/5400+30:1800+30"]

1. e4 c5 2. Nf3 Nc6 3. d4 cxd4 4. Nxd4 Nf6 5. Nc3 e5 6. Ndb5 d6 7. Bg5 a6 8. Na3 b5 9. Bxf6 gxf6 10. Nd5 Bg7 11. Bd3 f5 12. c3 Ne7 13. Nxe7 Qxe7 14. exf5 e4 15. Bc2 Qe5 16. Bb3 Bxf5 17. Nc2 O-O 18. O-O Kh8 19. a4 Bd7 20. Re1 f5 21. Bd5 Rab8 22. a5 Rbe8 23. Nb4 Bc8 24. Qd2 Qf6 25. Bc6 Bh6 26. Qe2 Re5 27. Rad1 Qg6 28. g3 e3 29. f4 Bxf4 30. Nd3 Bh6 31. Nxe5 dxe5 32. Qg2 f4 33. Be4 Bf5 34. Bxf5 Qxf5 35. g4 Qg6 36. Qd5 f3 37. Kh1 e2 38. Rxe2 fxe2 39. Qxe5+ Bg7 40. Qxe2 Qc6+ 41. Qg2 Qc7 42. g5 Qxa5 43. g6 h6 44. Rf1 Qd8 45. Rxf8+ Qxf8 46. Qe2 Qf6 47. Qe8+ Bf8 48. Kg2 Kg7 0-1

[Event "FIDE WYCC Open U18 2023"]
[Site "Montesilvano"]
[Date "2023.11.14"]
[Round "2.25"]
[White "Bermudez Ureba, Juan Diego"]
[Black "Elmi, Saad Abobaker"]
[Result "0-1"]
[ECO "B38"]
[WhiteElo "2186"]
[BlackElo "2321"]
[Annotator "ChessBase"]
[PlyCount "98"]
[EventDate "2023.11.13"]
[EventType "swiss"]
[EventCountry "ITA"]
[SourceTitle "playchess.com"]
[Source "ChessBase"]
[SourceQuality "1"]
[TimeControl "40/5400+30:1800+30"]

1. e4 c5 2. Nf3 Nc6 3. d4 cxd4 4. Nxd4 g6 5. c4 Bg7 6. Be3 Qb6 7. Nb5 Qa5+ 8. N1c3 Nf6 9. f3 O-O 10. Qd2 d6 11. Rc1 a6 12. Nd4 Nxd4 13. Bxd4 Be6 14. Be2 Rfc8 15. Nd5 Qxd2+ 16. Kxd2 Nxd5 17. exd5 Bxd4 18. dxe6 fxe6 19. b3 a5 20. f4 Rf8 21. Rhf1 Rf6 22. Kd3 Bc5 23. Ke4 Raf8 24. g4 e5 25. f5 Kg7 26. h4 e6 27. fxe6 Rf4+ 28. Kd3 e4+ 29. Kd2 Rf2 30. g5 R8f3 31. Rxf2 Bb4+ 32. Kd1 Rxf2 33. c5 d5 34. c6 bxc6 35. Rxc6 d4 36. Bc4 Rf8 37. Rc7+ Kh8 38. e7 Re8 39. Bd5 Kg7 40. Bc4 Rxe7 41. Rc8 h6 42. Rg8+ Kh7 43. h5 hxg5 44. hxg6+ Kh6 45. Bf7 d3 46. Rh8+ Kg7 47. Rh7+ Kf6 48. Bd5 e3 49. Rxe7 Kxe7 0-1

[Event "FIDE WYCC Open U18 2023"]
[Site "Montesilvano"]
[Date "2023.11.14"]
[Round "2.26"]
[White "Bicer, Atakan Mert"]
[Black "Paduano, Claudio"]
[Result "1-0"]
[ECO "D56"]
[WhiteElo "2318"]
[BlackElo "2188"]
[Annotator "ChessBase"]
[PlyCount "125"]
[EventDate "2023.11.13"]
[EventType "swiss"]
[EventCountry "ITA"]
[SourceTitle "playchess.com"]
[Source "ChessBase"]
[SourceQuality "1"]
[TimeControl "40/5400+30:1800+30"]

1. d4 d5 2. c4 e6 3. Nf3 Nf6 4. Nc3 Be7 5. Bg5 O-O 6. e3 h6 7. Bh4 Ne4 8. Bxe7 Qxe7 9. Qc2 Nxc3 10. Qxc3 c6 11. Bd3 dxc4 12. Bxc4 Nd7 13. O-O b6 14. e4 Bb7 15. Rfe1 c5 16. d5 exd5 17. exd5 Qd6 18. Nh4 g6 19. Re3 Nf6 20. Qd3 Ng4 21. Rg3 Ne5 22. Qe3 Kh7 23. Bb3 Rae8 24. Bc2 f5 25. Qf4 Qf6 26. Rf1 Bxd5 27. Rh3 Re7 28. Qxh6+ Kg8 29. Qd2 Qc6 30. Rg3 Rg7 31. Rd1 Be4 32. f4 Ng4 33. h3 Nh6 34. Re1 Bxc2 35. Qxc2 Kh7 36. Rge3 Qd6 37. Qf2 Rd8 38. Re5 Qd4 39. R1e3 Qd1+ 40. Re1 Qd4 41. R1e3 Qd1+ 42. Kh2 Qh5 43. g4 Qxg4 44. hxg4 Nxg4+ 45. Kg2 Nxf2 46. Kxf2 Rd4 47. Ng2 Rd2+ 48. Re2 Rxe2+ 49. Kxe2 Rd7 50. Nh4 Rd4 51. Re7+ Kh6 52. Ke3 Kh5 53. Nf3 Rb4 54. b3 Kg4 55. Ne5+ Kg3 56. Nd3 Rd4 57. Re6 g5 58. fxg5 f4+ 59. Ke2 f3+ 60. Ke3 Rg4 61. Nf2 Rh4 62. Rf6 Rh1 63. Ke4 1-0

[Event "FIDE WYCC Open U18 2023"]
[Site "Montesilvano"]
[Date "2023.11.14"]
[Round "2.27"]
[White "Schouten, Mathias Lind"]
[Black "Goroshkov, Maksym"]
[Result "0-1"]
[ECO "D38"]
[WhiteElo "2175"]
[BlackElo "2303"]
[Annotator "ChessBase"]
[PlyCount "98"]
[EventDate "2023.11.13"]
[EventType "swiss"]
[EventCountry "ITA"]
[SourceTitle "playchess.com"]
[Source "ChessBase"]
[SourceQuality "1"]
[TimeControl "40/5400+30:1800+30"]

1. d4 Nf6 2. c4 e6 3. Nc3 d5 4. Nf3 Bb4 5. cxd5 exd5 6. Bg5 h6 7. Bh4 g5 8. Bg3 Ne4 9. Nd2 Nxc3 10. bxc3 Bxc3 11. Rc1 Bb2 12. Bxc7 Qd7 13. Be5 Bxc1 14. Bxh8 Qc6 15. Qb3 Be6 16. e3 Nd7 17. Bb5 Qc7 18. Ke2 Bxd2 19. Kxd2 Rc8 20. Rb1 Bf5 21. Bd3 Bxd3 22. Kxd3 f6 23. Ke2 Qc2+ 24. Qxc2 Rxc2+ 25. Kd3 Rxf2 26. Rxb7 Rxa2 27. g4 Rxh2 28. Rxa7 h5 29. gxh5 Rxh5 30. Ke2 Rh7 31. Ra8+ Kf7 32. Kf3 Rh3+ 33. Kf2 Rh6 34. Kg3 Nf8 35. Ra7+ Kg8 36. Bxf6 Rxf6 37. Ra5 Kf7 38. Rxd5 Kg6 39. Rc5 Re6 40. Kf3 Nd7 41. Ra5 Nf6 42. Ra8 g4+ 43. Kf2 Kg5 44. Rb8 Ra6 45. Rb2 Kh4 46. Kg2 Ra3 47. Re2 Nd5 48. Kf2 g3+ 49. Kf3 Kh3 0-1

[Event "FIDE WYCC Open U18 2023"]
[Site "Montesilvano"]
[Date "2023.11.14"]
[Round "2.28"]
[White "Tadic, Stefan"]
[Black "Ciszewski, Krzysztof"]
[Result "1/2-1/2"]
[ECO "B22"]
[WhiteElo "2407"]
[BlackElo "2120"]
[Annotator "ChessBase"]
[PlyCount "116"]
[EventDate "2023.11.13"]
[EventType "swiss"]
[EventCountry "ITA"]
[SourceTitle "playchess.com"]
[Source "ChessBase"]
[SourceQuality "1"]
[TimeControl "40/5400+30:1800+30"]

1. e4 c5 2. c3 d5 3. exd5 Qxd5 4. d4 e6 5. Nf3 Nf6 6. Na3 Qd8 7. Nc4 Be7 8. Bg5 Nbd7 9. dxc5 Nxc5 10. Qxd8+ Bxd8 11. Nd6+ Ke7 12. O-O-O Bc7 13. Nb5 Bb6 14. Nbd4 h6 15. Bh4 g5 16. Bg3 Nfe4 17. Bc4 Nxg3 18. fxg3 f6 19. Rhe1 e5 20. b4 Na4 21. Nxe5 fxe5 22. Rxe5+ Kf6 23. Re3 Bf5 24. Rf3 Bxd4 25. Rxd4 g4 26. Rxg4 Rac8 27. Rgf4 Kg6 28. g4 Bd7 29. h4 Be8 30. h5+ Kg5 31. g3 Bd7 32. Rd4 Nb6 33. Bd3 Rxc3+ 34. Kd2 Rxd3+ 35. Kxd3 Bxg4 36. Rf7 Bxh5 37. Rxb7 Bg6+ 38. Kd2 Rc8 39. Rxa7 Rc2+ 40. Kd1 Nc4 41. Ke1 Rc1+ 42. Rd1 Rc2 43. Rd5+ Bf5 44. Re7 Rxa2 45. Re2 Ra1+ 46. Kf2 Kf6 47. b5 Rb1 48. Rd4 Na3 49. g4 Bg6 50. Rd6+ Kg5 51. Re5+ Kf4 52. Re1 Rxe1 53. Kxe1 Be4 54. b6 Nc4 55. Rxh6 Kxg4 56. Ke2 Kg5 57. Re6 Bd5 58. Re7 Nxb6 1/2-1/2

[Event "FIDE WYCC Open U18 2023"]
[Site "Montesilvano"]
[Date "2023.11.14"]
[Round "2.29"]
[White "Amilal Munkhdalai"]
[Black "Qalichava, Akaki"]
[Result "1/2-1/2"]
[ECO "B40"]
[WhiteElo "2404"]
[BlackElo "2141"]
[Annotator "ChessBase"]
[PlyCount "84"]
[EventDate "2023.11.13"]
[EventType "swiss"]
[EventCountry "ITA"]
[SourceTitle "playchess.com"]
[Source "ChessBase"]
[SourceQuality "1"]
[TimeControl "40/5400+30:1800+30"]

1. e4 c5 2. Nf3 e6 3. b3 b6 4. c4 Bb7 5. Nc3 Nc6 6. Bb2 a6 7. d4 cxd4 8. Nxd4 Qc7 9. Nxc6 Bxc6 10. Bd3 Nf6 11. Qe2 h5 12. Nd5 Bxd5 13. exd5 Bb4+ 14. Kf1 Bc5 15. Qf3 Ke7 16. g3 h4 17. Re1 h3 18. Re5 Rag8 19. Rg5 Ne8 20. Ke2 f6 21. Rg6 e5 22. Re1 Kd8 23. Kf1 Kc8 24. a3 a5 25. Qg4 Rf8 26. Bf5 Rf7 27. Ra1 Re7 28. Kg1 Nd6 29. Bc2 f5 30. Qg5 Ne4 31. Bxe4 fxe4 32. b4 Bd6 33. Rc1 axb4 34. axb4 Bxb4 35. c5 Bxc5 36. d6 Qb7 37. Qe3 Rf7 38. Ba3 Rf3 39. Bxc5 Rxe3 40. Bxb6+ Kb8 41. Bc7+ Kc8 42. Bb6+ Kb8 1/2-1/2

[Event "FIDE WYCC Open U18 2023"]
[Site "Montesilvano"]
[Date "2023.11.14"]
[Round "2.30"]
[White "Domalchuk-Jonasson, Aleksandr"]
[Black "Chen, Hongsen"]
[Result "0-1"]
[ECO "A38"]
[WhiteElo "2403"]
[BlackElo "2061"]
[Annotator "ChessBase"]
[PlyCount "86"]
[EventDate "2023.11.13"]
[EventType "swiss"]
[EventCountry "ITA"]
[SourceTitle "playchess.com"]
[Source "ChessBase"]
[SourceQuality "1"]
[TimeControl "40/5400+30:1800+30"]

1. c4 Nf6 2. Nc3 c5 3. Nf3 Nc6 4. g3 g6 5. Bg2 Bg7 6. O-O d5 7. d4 dxc4 8. d5 Nb4 9. e4 Bg4 10. Be3 Nd7 11. h3 Bxf3 12. Bxf3 Nd3 13. Qc2 Qa5 14. Nd1 Ne1 15. Qe2 Nxf3+ 16. Qxf3 Rc8 17. Qe2 b5 18. f4 Nb6 19. Bd2 b4 20. Be1 a6 21. Ne3 Bd4 22. Kg2 Qb5 23. Rc1 c3 24. Qxb5+ axb5 25. Nd1 cxb2 26. Rb1 Nc4 27. Bf2 Bc3 28. Be1 Bxe1 29. Rxe1 Ra8 30. Nxb2 Rxa2 31. Re2 Kd7 32. Kf3 Rxb2 33. Rexb2 Nxb2 34. Rxb2 Ra8 35. e5 Ra3+ 36. Ke4 Rxg3 37. Ra2 Ra3 38. Rc2 Rc3 39. Ra2 Rc4+ 40. Ke3 b3 41. Ra7+ Kc8 42. Rxe7 b2 43. Re8+ Kb7 0-1

[Event "FIDE WYCC Open U18 2023"]
[Site "Montesilvano"]
[Date "2023.11.14"]
[Round "2.31"]
[White "Bai, Adelard"]
[Black "Ang, Ern Jie Anderson"]
[Result "1-0"]
[ECO "D11"]
[WhiteElo "2384"]
[BlackElo "2103"]
[Annotator "ChessBase"]
[PlyCount "105"]
[EventDate "2023.11.13"]
[EventType "swiss"]
[EventCountry "ITA"]
[SourceTitle "playchess.com"]
[Source "ChessBase"]
[SourceQuality "1"]
[TimeControl "40/5400+30:1800+30"]

1. d4 d5 2. Nf3 Nf6 3. c4 c6 4. g3 Bf5 5. Nc3 e6 6. Nh4 Be4 7. f3 Bg6 8. Qb3 Qb6 9. c5 Qxb3 10. axb3 Na6 11. e4 Nc7 12. e5 Nd7 13. Nxg6 hxg6 14. b4 a6 15. Bd3 Be7 16. f4 Nf8 17. Be3 f5 18. Kd2 Kf7 19. h4 Nd7 20. g4 Nf8 21. Rag1 Nb5 22. Ne2 Na7 23. Rg2 Re8 24. Ng1 Nc8 25. Nf3 Bd8 26. h5 fxg4 27. hxg6+ Nxg6 28. Rhg1 Nh4 29. Nxh4 Rxh4 30. Bf2 Rh6 31. Rxg4 Rg8 32. Bg6+ Kf8 33. f5 exf5 34. Bxf5 Ne7 35. Bd3 Rh2 36. R1g2 Rxg2 37. Rxg2 g5 38. Be3 Ng6 39. Bxg5 Bc7 40. e6 Ke8 41. Be3 Ne7 42. Rxg8+ Nxg8 43. Bg5 Ne7 44. Be2 Ng8 45. Bh5+ Kf8 46. Bf7 b5 47. Ke3 Bg3 48. Kf3 Be1 49. Kg4 Bxb4 50. Kf5 Be1 51. Kg6 Ne7+ 52. Kf6 Ng8+ 53. Bxg8 1-0

[Event "FIDE WYCC Open U18 2023"]
[Site "Montesilvano"]
[Date "2023.11.14"]
[Round "2.32"]
[White "Cesar Maestre, Bernardo"]
[Black "Arun Kataria"]
[Result "1-0"]
[ECO "B53"]
[WhiteElo "2373"]
[BlackElo "2034"]
[Annotator "ChessBase"]
[PlyCount "67"]
[EventDate "2023.11.13"]
[EventType "swiss"]
[EventCountry "ITA"]
[SourceTitle "playchess.com"]
[Source "ChessBase"]
[SourceQuality "1"]
[TimeControl "40/5400+30:1800+30"]

1. e4 c5 2. Nf3 d6 3. d4 cxd4 4. Qxd4 Nc6 5. Qe3 Nf6 6. Nc3 e6 7. b3 Be7 8. Bb2 a6 9. O-O-O Qc7 10. Kb1 b5 11. Rg1 Bb7 12. g4 O-O-O 13. g5 Nd7 14. h4 Qb6 15. Qe2 Nc5 16. Bh3 Kb8 17. a3 a5 18. Nxb5 Nxe4 19. Qxe4 Qxb5 20. Nd4 Nxd4 21. Qxd4 e5 22. Qe3 f6 23. f4 Rhe8 24. a4 Qb4 25. Bc3 exf4 26. Qd2 Qc5 27. Bxa5 fxg5 28. hxg5 Bxg5 29. Bb4 Qe5 30. Rde1 Be4 31. Rxe4 Qxe4 32. Rxg5 d5 33. Ba5 Rd6 34. Qc3 1-0

[Event "FIDE WYCC Open U18 2023"]
[Site "Montesilvano"]
[Date "2023.11.15"]
[Round "3.1"]
[White "Ohanyan, Emin"]
[Black "Mayank Chakraborty"]
[Result "1-0"]
[ECO "D02"]
[WhiteElo "2466"]
[BlackElo "2368"]
[Annotator "RC"]
[PlyCount "183"]
[EventDate "2023.11.13"]
[EventType "swiss"]
[EventCountry "ITA"]
[SourceTitle "playchess.com"]
[Source "ChessBase"]
[SourceQuality "1"]
[TimeControl "40/5400+30:1800+30"]

1. d4 Nf6 2. Nf3 e6 3. Bf4 d5 4. e3 c5 5. Nbd2 Nc6 6. c3 cxd4 7. exd4 Nh5 8. Be3 Bd6 9. Ne5 Nf6 10. f4 Qb6 11. Qb3 Qxb3 12. axb3 O-O 13. Bd3 Nd7 14. O-O f6 15. Nxc6 bxc6 16. b4 Rf7 17. Nb3 Nf8 18. Nc5 Rc7 19. g3 Ng6 20. h4 Ne7 21. h5 Bxc5 22. bxc5 f5 23. b4 Bd7 24. Kg2 h6 25. Be2 Kf7 26. g4 fxg4 27. f5 exf5 28. Bxg4 a5 29. Bf4 Rca7 30. Bd6 axb4 31. Rae1 Ng8 32. Bxf5 Bxf5 33. Rxf5+ Nf6 34. cxb4 Ra2+ 35. Kg3 R8a3+ 36. Rf3 Rxf3+ 37. Kxf3 Ne4 38. Be5 g5 39. hxg6+ Kxg6 40. Kf4 Ng5 41. Rf1 Ra3 42. Bb8 Rb3 43. Ke5 Nf3+ 44. Rxf3 Rxf3 45. Kd6 Rf8 46. Bc7 Rf6+ 47. Kd7 h5 48. Bd6 h4 49. Kxc6 h3 50. Kc7 Rf7+ 51. Kb8 Rf8+ 52. Bxf8 h2 53. c6 h1=Q 54. c7 Qh2 55. Be7 Qf4 56. Kb7 Qf7 57. c8=Q Qxe7+ 58. Kc6 Qxb4 59. Qe6+ Kg7 60. Qxd5 Qa4+ 61. Kc7 Qa7+ 62. Kd8 Qb8+ 63. Ke7 Qb4+ 64. Ke8 Qb8+ 65. Qd8 Qf4 66. Qe7+ Kg6 67. Qe6+ Kh5 68. d5 Qb8+ 69. Ke7 Qc7+ 70. Kf8 Qc4 71. Qf5+ Kh6 72. Qf6+ Kh5 73. d6 Qb4 74. Qf5+ Kh4 75. Ke7 Kg3 76. Qe5+ Kf2 77. Kf7 Qb7+ 78. Qe7 Qd5+ 79. Kf8 Qa8+ 80. Qe8 Qa3 81. Qe7 Qa8+ 82. Kf7 Qd5+ 83. Qe6 Qh5+ 84. Kg7 Qg5+ 85. Qg6 Qd2 86. Qf7+ Kg1 87. d7 Qb2+ 88. Qf6 Qb7 89. Qd4+ Kh1 90. Kh8 Qb5 91. d8=Q Qh5+ 92. Kg7 1-0

[Event "FIDE WYCC Open U18 2023"]
[Site "Montesilvano"]
[Date "2023.11.15"]
[Round "3.2"]
[White "Galaviz Medina, Sion Radamantys"]
[Black "Popov, Konstantin"]
[Result "1/2-1/2"]
[ECO "E52"]
[WhiteElo "2461"]
[BlackElo "2345"]
[Annotator "RC"]
[PlyCount "98"]
[EventDate "2023.11.13"]
[EventType "swiss"]
[EventCountry "ITA"]
[SourceTitle "playchess.com"]
[Source "ChessBase"]
[SourceQuality "1"]
[TimeControl "40/5400+30:1800+30"]

1. d4 Nf6 2. c4 e6 3. Nc3 Bb4 4. e3 O-O 5. Bd2 b6 6. Nf3 Bb7 7. Bd3 d5 8. cxd5 exd5 9. Rc1 a6 10. O-O Bd6 11. Ne5 c5 12. f4 cxd4 13. exd4 Nc6 14. Be3 b5 15. Qf3 Ne7 16. Bf2 b4 17. Bh4 Ng6 18. Bxg6 hxg6 19. Na4 Rc8 20. f5 Qe8 21. Rxc8 Bxc8 22. fxg6 Bxe5 23. dxe5 Ne4 24. gxf7+ Rxf7 25. Qxf7+ Qxf7 26. Rxf7 Kxf7 27. Nb6 Bb7 28. Be1 a5 29. a3 bxa3 30. bxa3 Ke6 31. Bxa5 d4 32. Nc4 Ba6 33. Nd2 Nxd2 34. Bxd2 Kxe5 35. a4 g6 36. Kf2 Bb7 37. g4 Be4 38. a5 Bd3 39. h4 Ke4 40. h5 gxh5 41. gxh5 Kd5 42. Kg3 Kc6 43. Kf4 Kb7 44. Ke5 Bb1 45. Kxd4 Ka7 46. Kd5 Ka8 47. Be3 Bc2 48. h6 Bb1 49. a6 Bd3 1/2-1/2

[Event "FIDE WYCC Open U18 2023"]
[Site "Montesilvano"]
[Date "2023.11.15"]
[Round "3.3"]
[White "Ansat, Aldiyar"]
[Black "Baranciuc, Alexandr"]
[Result "1-0"]
[ECO "A07"]
[WhiteElo "2418"]
[BlackElo "2338"]
[Annotator "RC"]
[PlyCount "73"]
[EventDate "2023.11.13"]
[EventType "swiss"]
[EventCountry "ITA"]
[SourceTitle "playchess.com"]
[Source "ChessBase"]
[SourceQuality "1"]
[TimeControl "40/5400+30:1800+30"]

1. Nf3 d5 2. g3 Bg4 3. Bg2 Nd7 4. h3 Bxf3 5. Bxf3 Ngf6 6. d4 e6 7. O-O Bd6 8. c4 c6 9. Nd2 O-O 10. e4 dxe4 11. Nxe4 Nxe4 12. Bxe4 Nf6 13. Bg2 Re8 14. Be3 Qc7 15. Qb3 e5 16. c5 Bf8 17. dxe5 Nd7 18. Qc3 Qxe5 19. Bd4 Qf5 20. b4 Re6 21. Rae1 Rae8 22. Rxe6 Qxe6 23. a4 Nf6 24. b5 Ne4 25. Qa5 Qc4 26. Rd1 Nxc5 27. bxc6 bxc6 28. Be3 Nxa4 29. Rd4 Nb6 30. Rxc4 Nxc4 31. Qxa7 Nxe3 32. fxe3 Re6 33. Bf1 g5 34. Bc4 Rf6 35. Qd4 Be7 36. e4 c5 37. Qd7 1-0

[Event "FIDE WYCC Open U18 2023"]
[Site "Montesilvano"]
[Date "2023.11.15"]
[Round "3.4"]
[White "Lamaze, Simon"]
[Black "Bacojo, Mark Jay"]
[Result "1-0"]
[ECO "D37"]
[WhiteElo "2415"]
[BlackElo "2335"]
[Annotator "RC"]
[PlyCount "85"]
[EventDate "2023.11.13"]
[EventType "swiss"]
[EventCountry "ITA"]
[SourceTitle "playchess.com"]
[Source "ChessBase"]
[SourceQuality "1"]
[TimeControl "40/5400+30:1800+30"]

1. c4 e6 2. Nc3 d5 3. d4 Nf6 4. Nf3 Nbd7 5. Bf4 c6 6. e3 Be7 7. c5 Nh5 8. Bd3 Nxf4 9. exf4 Qc7 10. g3 b6 11. b4 a5 12. a3 axb4 13. axb4 Rxa1 14. Qxa1 bxc5 15. bxc5 f6 16. O-O e5 17. dxe5 fxe5 18. Re1 O-O 19. Nxe5 Nxe5 20. Rxe5 Bxc5 21. Qa2 Qa7 22. Qc2 h6 23. Kg2 Bd4 24. Re2 Qc5 25. Na4 Qd6 26. Nc3 Bd7 27. Nd1 c5 28. Ne3 c4 29. Bh7+ Kh8 30. Nf5 Bxf5 31. Bxf5 Rd8 32. Re6 Qa3 33. Qe2 Rf8 34. Qh5 Kg8 35. Re2 Qd6 36. Be6+ Kh8 37. Bxd5 c3 38. Be4 Qf6 39. Qf3 Rc8 40. Bc2 Kg8 41. Qd5+ Kf8 42. Re6 Qd8 43. Rd6 1-0

[Event "FIDE WYCC Open U18 2023"]
[Site "Montesilvano"]
[Date "2023.11.15"]
[Round "3.5"]
[White "Davtyan, Arsen"]
[Black "Elmi, Saad Abobaker"]
[Result "0-1"]
[ECO "D23"]
[WhiteElo "2406"]
[BlackElo "2321"]
[Annotator "RC"]
[PlyCount "70"]
[EventDate "2023.11.13"]
[EventType "swiss"]
[EventCountry "ITA"]
[SourceTitle "playchess.com"]
[Source "ChessBase"]
[SourceQuality "1"]
[TimeControl "40/5400+30:1800+30"]

1. d4 d5 2. c4 dxc4 3. Nf3 Nf6 4. Qa4+ c6 5. Qxc4 Bf5 6. g3 h6 7. Bg2 Nbd7 8. O-O e6 9. Nc3 Rc8 10. Re1 b5 11. Qb3 b4 12. Na4 Be4 13. Bf4 Be7 14. Rac1 O-O 15. Ne5 Bxg2 16. Kxg2 Nxe5 17. Bxe5 Nd7 18. Bf4 Nb6 19. Red1 Qd5+ 20. f3 Qb5 21. Nxb6 Qxe2+ 22. Kg1 axb6 23. Re1 Qa6 24. Re4 Rfd8 25. Rce1 Rd5 26. Be5 c5 27. Rg4 Bf8 28. Qe3 h5 29. Rh4 cxd4 30. Bxd4 Rc4 31. Kg2 Qxa2 32. Re2 Bc5 33. b3 Rc2 34. Rxc2 Qxc2+ 35. Kh3 Qd1 0-1

[Event "FIDE WYCC Open U18 2023"]
[Site "Montesilvano"]
[Date "2023.11.15"]
[Round "3.6"]
[White "Juhasz, Agoston"]
[Black "Bicer, Atakan Mert"]
[Result "1/2-1/2"]
[ECO "B12"]
[WhiteElo "2401"]
[BlackElo "2318"]
[Annotator "RC"]
[PlyCount "60"]
[EventDate "2023.11.13"]
[EventType "swiss"]
[EventCountry "ITA"]
[SourceTitle "playchess.com"]
[Source "ChessBase"]
[SourceQuality "1"]
[TimeControl "40/5400+30:1800+30"]

1. e4 c6 2. d4 d5 3. e5 Bf5 4. g4 Bd7 5. Nc3 e6 6. Be3 h5 7. gxh5 Nh6 8. Bxh6 Rxh6 9. Qg4 c5 10. dxc5 Nc6 11. Nf3 f5 12. Qg3 Qa5 13. Bb5 a6 14. Bxc6 bxc6 15. Nd4 Qxc5 16. Nce2 Qb6 17. b3 c5 18. Nf3 d4 19. Nd2 Qa5 20. c3 Bb5 21. Nc4 Qc7 22. Rc1 Rd8 23. cxd4 Qb7 24. O-O cxd4 25. Nf4 Kf7 26. a4 Be8 27. Ng6 Qd5 28. Nf4 Qb7 29. Ng6 Qd5 30. Nf4 Qb7 1/2-1/2

[Event "FIDE WYCC Open U18 2023"]
[Site "Montesilvano"]
[Date "2023.11.15"]
[Round "3.7"]
[White "Goroshkov, Maksym"]
[Black "Dzida, Kamil"]
[Result "1/2-1/2"]
[ECO "E15"]
[WhiteElo "2303"]
[BlackElo "2399"]
[Annotator "RC"]
[PlyCount "110"]
[EventDate "2023.11.13"]
[EventType "swiss"]
[EventCountry "ITA"]
[SourceTitle "playchess.com"]
[Source "ChessBase"]
[SourceQuality "1"]
[TimeControl "40/5400+30:1800+30"]

1. d4 Nf6 2. c4 e6 3. Nf3 b6 4. g3 Ba6 5. Qc2 Bb7 6. Bg2 c5 7. d5 exd5 8. cxd5 Nxd5 9. O-O Be7 10. Rd1 Nc6 11. Qf5 Nf6 12. e4 g6 13. Qf4 O-O 14. e5 Nh5 15. Qc4 d5 16. exd6 Bxd6 17. Bg5 Qb8 18. Nc3 Nd4 19. Nxd4 cxd4 20. Nd5 Be5 21. Ne7+ Kg7 22. Nc6 Rc8 23. Qa4 Bxc6 24. Bxc6 b5 25. Bxb5 Qb6 26. Bd3 Rc5 27. Be7 Rc7 28. Ba3 Rac8 29. Re1 Bd6 30. Bxd6 Qxd6 31. Rad1 Nf6 32. Bf1 Rd8 33. Rd3 Ng4 34. f4 Qf6 35. Qd1 h5 36. Qd2 Ne3 37. Rc1 Rxc1 38. Qxc1 h4 39. Qc5 hxg3 40. hxg3 Rd5 41. Qxa7 g5 42. Bg2 Nxg2 43. Kxg2 Qe6 44. Kf2 Qe4 45. Qb7 gxf4 46. gxf4 Qxf4+ 47. Rf3 Qh2+ 48. Kf1 Qh1+ 49. Kf2 Qh2+ 50. Kf1 Qh5 51. Rg3+ Kh7 52. Kg2 Qe2+ 53. Kg1 Qe1+ 54. Kg2 Qe2+ 55. Kg1 Qe1+ 1/2-1/2

[Event "FIDE WYCC Open U18 2023"]
[Site "Montesilvano"]
[Date "2023.11.15"]
[Round "3.8"]
[White "Pasti, Aron"]
[Black "Liu, Casper"]
[Result "1-0"]
[ECO "B33"]
[WhiteElo "2397"]
[BlackElo "2260"]
[Annotator "RC"]
[PlyCount "77"]
[EventDate "2023.11.13"]
[EventType "swiss"]
[EventCountry "ITA"]
[SourceTitle "playchess.com"]
[Source "ChessBase"]
[SourceQuality "1"]
[TimeControl "40/5400+30:1800+30"]

1. e4 c5 2. Nf3 Nc6 3. d4 cxd4 4. Nxd4 Nf6 5. Nc3 e5 6. Ndb5 d6 7. Bg5 a6 8. Na3 b5 9. Nd5 Be7 10. Bxf6 Bxf6 11. g3 O-O 12. Bg2 g6 13. O-O Bg7 14. c3 Ra7 15. Nc2 f5 16. exf5 gxf5 17. a4 bxa4 18. Rxa4 a5 19. Re1 Kh8 20. Na3 Ba6 21. Rh4 Qg5 22. Ne3 e4 23. Rh5 Qg6 24. Rxf5 Bd3 25. Rxf8+ Bxf8 26. Nd5 Bh6 27. Qa4 Rf7 28. Bxe4 Qe6 29. Qxc6 Bxe4 30. Qc4 Qxd5 31. Qxe4 Qxe4 32. Rxe4 Bc1 33. Re2 Rb7 34. Nc4 d5 35. Nxa5 Rxb2 36. Rxb2 Bxb2 37. c4 d4 38. c5 d3 39. Nc4 1-0